 Dungeon Crawl Stone Soup version 0.21.1-1-g345015fe64 (webtiles) character file.

471 Henning the Covered (level 6, -1/56 HPs)
             Began as a Minotaur Fighter on June 17, 2018.
             Succumbed to an orc wizard's poison
             ... on level 4 of the Dungeon.
             The game lasted 00:05:38 (2915 turns).

Henning the Covered (Minotaur Fighter)              Turns: 2915, Time: 00:05:39

Health: -1/56      AC:  7    Str: 22    XL:     6   Next: 83%
Magic:  5/5        EV:  8    Int: 10    God:
Gold:   134        SH: 15    Dex: 10    Spells: 5/5 levels left

rFire    . . .     SeeInvis .   a - +0 war axe
rCold    . . .     Gourm    .   u - +2 shield
rNeg     . . .     Faith    .   b - +0 scale mail
rPois    .         Spirit   .   (helmet restricted)
rElec    .         Reflect  +   (no cloak)
rCorr    .         Harm     .   (no gloves)
MR       .....                  (no boots)
Stlth    ..........             e - +3 amulet of reflection
HPRegen  0.18/turn              (no ring)
MPRegen  0.09/turn              (no ring)

@: brilliant, lethally poisoned (-1 -> -30)
A: retaliatory headbutt, horns 2
a: no special abilities


You were on level 4 of the Dungeon.
You were not hungry.

You visited 1 branch of the dungeon, and saw 4 of its levels.

You collected 134 gold pieces.

Inventory:

Hand Weapons
 a - a +0 war axe (weapon)
Armour
 b - a +0 scale mail (worn)
 u - a +2 shield (worn)
Jewellery
 e - a +3 amulet of reflection (around neck)
 q - a +3 ring of slaying {unknown}
Wands
 h - a wand of digging (15)
Scrolls
 g - a scroll of enchant weapon {unknown}
 j - a scroll of fog {unknown}
 l - 2 scrolls of identify {unknown}
 n - a scroll of teleportation {unknown}
 p - a scroll of remove curse {unknown}
 r - a scroll of amnesia {unknown}
Potions
 c - a potion of flight {unknown}
 d - 2 potions of might
 i - a potion of haste {unknown}
 k - 3 potions of brilliance
 o - 3 potions of curing {unknown}
 s - a potion of berserk rage {unknown}
 t - a potion of invisibility {unknown}
Comestibles
 f - 6 rations


   Skills:
 + Level 5.6 Fighting
 + Level 4.8 Axes
 + Level 5.6 Armour
 + Level 5.6 Shields


You had 5 spell levels left.
You didn't know any spells.

Dungeon Overview and Level Annotations

Branches:
Dungeon (4/15)
 Temple: D:4-7

Altars:
Kikubaaqudgha
Makhleb
Okawaru
Vehumet
The Shining One


Innate Abilities, Weirdness & Mutations

You reflexively headbutt those who attack you in melee.
You have a pair of horns on your head.


Message History

You miss the orc wizard.
You feel less confused.
* * * LOW HITPOINT WARNING * * *
You feel very sick. You block the orc wizard's attack.
The orc priest calls down the wrath of Beogh upon you.
Beogh smites you!
* * * LOW HITPOINT WARNING * * *
Number of times to repeat, then command key: You must enter the number of times for the command to repeat.
Okay, then.
Sorry, you're not good enough to have a special ability.
* * * LOW HITPOINT WARNING * * *
You feel sick.
The orc priest calls upon Beogh to heal the orc wizard.
The orc wizard's wounds heal themselves!
You block the orc wizard's attack.
It was a potion of brilliance.
You feel clever all of a sudden.
You die...

##.........# #..# #.#
##.........# ## #..# #.#
##.........# #.
#..#####.# ##.###..####
#. #........# ##.# #..#
#. #.######## ##.###..#
#. #.# #.......# #. #.#
#...##..# #.##.####
#..###..# #oo@....#
.†.###..#### #.##..###
....#......# #. #..#
...##......# #. #..#
...##......# #. #..#
...##......###.##..######
.........................
##.###....#######.###.###
# # #....##......# #


You could see an orc priest and an orc wizard.

Vanquished Creatures
  2 ogres (D:4)
  A howler monkey (D:4)
  Crazy Yiuf (D:2)
  A bullfrog skeleton (D:4)
  An orc wizard (D:4)
  Terence (D:2)
  An iguana (D:4)
  A worker ant (D:3)
  Robin (D:2)
  An adder (D:3)
  2 worms
  7 leopard geckos
  13 orcs (D:4)
  2 bat zombies (D:4)
  2 giant cockroaches
  15 goblins
  2 hobgoblins (D:2)
  3 kobolds
  2 quokkas (D:2)
  2 ball pythons
  2 bats
  3 frilled lizards
  7 rats
  A rat zombie (D:4)
74 creatures vanquished.

Notes
Turn   | Place    | Note
-------+----------+-------------------------------------------
     0 | D:1      | Henning the Minotaur Fighter began the quest for the Orb.
     0 | D:1      | Reached XP level 1. HP: 19/19 MP: 0/0
   253 | D:1      | Reached XP level 2. HP: 27/27 MP: 1/1
   591 | D:2      | Found a radiant altar of Vehumet.
   622 | D:2      | Noticed Robin
   638 | D:2      | Reached XP level 3. HP: 27/33 MP: 2/2
   644 | D:2      | Killed Robin
   925 | D:2      | Found a runed door.
   945 | D:2      | Noticed Terence
   959 | D:2      | Killed Terence
   959 | D:2      | Reached XP level 4. HP: 31/41 MP: 3/3
   973 | D:2      | Noticed Crazy Yiuf
   983 | D:2      | Killed Crazy Yiuf
  1840 | D:3      | Found a faded altar of an unknown god.
  2212 | D:3      | Found a glowing golden altar of the Shining One.
  2230 | D:3      | Reached XP level 5. HP: 44/47 MP: 4/4
  2404 | D:4      | Noticed an ogre
  2410 | D:4      | Killed an ogre
  2410 | D:4      | Reached skill level 5 in Fighting
  2410 | D:4      | Reached skill level 5 in Armour
  2410 | D:4      | Reached skill level 5 in Shields
  2410 | D:4      | Reached XP level 6. HP: 38/56 MP: 5/5
  2443 | D:4      | Noticed a blizzard demon
  2449 | D:4      | Found a burning altar of Makhleb.
  2566 | D:4      | Found an ancient bone altar of Kikubaaqudgha.
  2699 | D:4      | Found an iron altar of Okawaru.
  2914 | D:4      | HP: 2/56 [poisoned by an orc wizard]
  2915 | D:4      | Succumbed to an orc wizard's poison

Skill      XL: |  1  2  3  4  5 |
---------------+----------------+-----
Shields        | 4 5 |  5.6
Fighting       | 4 5 |  5.6
Armour         | 4 5 |  5.6
Axes           | 3 4 |  4.8

Action                   |  1- 3 |  4- 6 || total
-------------------------+-------+-------++-------
Melee: War axe           |    90 |   115 ||   205
       Headbutt          |    10 |    19 ||    29
  Use: Potion            |       |     1 ||     1
  Eat: Chunk             |       |     7 ||     7
Armor: Scale mail        |    30 |    30 ||    60
Dodge: Dodged            |    16 |    22 ||    38
Block: Shield            |    64 |    78 ||   142
       Reflection        |     1 |       ||     1
